Wild vs Jets

Created - 19 avril 2024 at 14:48

Goals
1 2 3 OT1 SO T
Wild 2 0 1 0 0 3
Jets 1 1 1 0 1 4
Shots
1 2 3 OT1 SO T
Wild 13 8 11 1 4 33
Jets 10 7 16 2 4 35

GoalsPenalties
1st period
1. Jets , Victor Olofsson 14 (Zach Aston-Reese 2) at 4:43
2. Wild , Kirill Marchenko 14 (Jack Eichel 26, Mario Ferraro 20) at 14:39
3. Wild , Ryan Nugent-Hopkins 27 (Devon Toews 24, Brad Marchand 26) at 18:22
Brad Marchand (MIW) for Roughing (Double Minor) at 8:54
Chris Wagner (WIN) for Tripping (Minor) at 18:50
2nd period
4. Jets , Rem Pitlick 3 (Dante Fabbro 6, Jack Finley 4) at 3:23
Brad Marchand (MIW) for Roughing (Minor) at 4:19
Brad Marchand (MIW) for Tripping (Minor) at 7:35
Jack Finley (WIN) for Holding Stick (Minor) at 15:08
3rd period
5. Wild , Alex DeBrincat 24 (Unassisted) at 18:28
6. Jets , Zac Dalpe 8 (Conor Garland 41, Zach Aston-Reese 3) at 19:12
Alex DeBrincat (MIW) for Slashing (Minor) at 9:31
Chris Wagner (WIN) for Interference (Minor) at 13:45
Overtime #1
No Goal
Shootout
Wild, Ryan Nugent-Hopkins - Shot Misses the Net
Jets, Rem Pitlick - Stopped by Jake Oettinger
Wild, Patrice Bergeron - Shot Misses the Net
Jets, Zac Dalpe - Stopped by Jake Oettinger
Wild, William Nylander - Stopped by Philipp Grubauer
Jets, Zach Aston-Reese - Stopped by Jake Oettinger
Wild, Brad Marchand - Stopped by Philipp Grubauer
Jets, Victor Olofsson - Goal!
Goalie Stats
Jake Oettinger (MIW), 32 saves from 35 shots - (0,914), OTL, 37-15-6, 65:00 minutes
Philipp Grubauer (WIN), 30 saves from 33 shots - (0,909), W, 9-13-3, 64:48 minutes
3 StarsOfficial
1 - Zach Aston-Reese (WIN)
2 - Zac Dalpe (WIN)
3 - Kirill Marchenko (MIW)
Referees : Mitch Dunning and Troy Paterson
Linesman : Colin Gates and Brendan Lewis
Game Note
18:28 of 3rd period - Penalty Shot by Alex DeBrincat for Wild - Goal!
Finance
Level 1 -- Attendance: 5148 (85,80%) -- Ticket Income $489,060
Level 2 -- Attendance: 5000 (100,00%) -- Ticket Income $300,000
Level 3 -- Attendance: 1526 (76,30%) -- Ticket Income $68,670
Level 4 -- Attendance: 2727 (68,18%) -- Ticket Income $73,629
Luxury Box -- Attendance: 761 (76,10%) -- Ticket Income $159,810
Game was played at the No Name Arena.
Total Attendance: 15162 (84,23%)
Total Ticket Income: $1,091,169
Other Income: $534,673
Total Income: $1,625,842



Team Name Goals Shots Shots Attemp Shots Blocked PIM HIT PP PK FO%
Wild 333591310190 / 2 (0%)059%
Jets 4356486220 / 6 (0%)041%

Wild
Player Name POS G A P +/- PIM HIT SHT SB MP PP MP PP SHT PK MP PK SHT FO% FOT GA TA
Adrian KempeLW/RW0000014016:152:0322:0800% 000
Alex DeBrincatLW/RW1010224015:042:3110:4200% 120
Brad MarchandLW/RW011-1823018:211:5900:06050% 200
Brandon CarloD000-2001318:500:0005:2300% 001
Brayden McNabbD0000002023:040:0003:5200% 000
Devon ToewsD0111013229:384:1903:5200% 000
Elias LindholmC/RW0000010020:184:1904:44074% 1900
Jack EichelC/RW011102309:110:1400:2300% 022
Joe PavelskiC/LW/RW0001010013:362:2100:00082% 1700
Kevin ShattenkirkD000-1010317:221:3800:4100% 000
Kevin StenlundC/RW0000000013:150:0004:28029% 700
Kirill MarchenkoRW101102308:260:0000:0000% 000
Mario FerraroD0111000017:080:0005:2300% 000
Mark GiordanoD0001000211:150:0000:4100% 000
Patrice BergeronC000-2013119:173:1200:00048% 2102
Ryan Nugent-HopkinsC/LW101-2014123:102:5913:5200% 130
William NylanderC/LW/RW0000012015:183:3600:0000% 010
Yakov TreninC/LW0001031115:310:3403:2900% 200
Jets
Player Name POS G A P +/- PIM HIT SHT SB MP PP MP PP SHT PK MP PK SHT FO% FOT GA TA
Anthony DeangeloD000-1033126:275:1920:0000% 002
Bowen ByramD0000031021:315:1903:5400% 001
Brendan GallagherRW0000013014:394:4620:0000% 100
Brett SutterC/LW0000000010:280:4500:10060% 500
Chris WagnerC/RW000-1420115:050:0000:44038% 2100
Conor GarlandLW/RW0110026020:494:4900:0000% 200
Dante FabbroD011000129:480:1200:0000% 001
Jack FinleyC0111211118:304:0000:41067% 1201
Jake MuzzinD000-1030023:084:2500:0000% 000
Jakob SilfverbergLW/RW000-1017019:063:5421:01067% 310
Jordan GreenwayLW/RW0000002020:133:5703:250100% 121
Kaedan KorczakD0000001011:594:2502:0300% 000
Logan DayD000000000:000:0000:0000% 000
Logan StanleyD0001012117:550:0003:5400% 000
Nate SchmidtD0000000114:040:1202:0300% 000
Reese JohnsonRW000000017:570:0000:0000% 000
Rem PitlickC/LW/RW1010013014:550:2901:3100% 100
Victor OlofssonLW/RW1010012012:481:1200:0000% 010
Zac DalpeC/LW/RW1011012015:404:4202:40030% 1011
Zach Aston-ReeseC/LW/RW0221021013:581:1401:42029% 1401

Wild

5 vs 5 Forward
Line #Left WingCenterRight WingPHYDFOFWanted %Time %Time Play
1Ryan Nugent-HopkinsPatrice BergeronBrad Marchand0233533%14:15
2William NylanderElias LindholmAdrian Kempe0142723%9:58
3Yakov TreninJoe PavelskiAlex DeBrincat0232525%11:07
4Kirill MarchenkoKevin StenlundJack Eichel1221319%8:26
5 vs 5 Defense
Line #DefenseDefensePHYDFOFWanted %Time %Time Play
1Devon ToewsBrayden McNabb0234044%19:20
2Brandon CarloKevin Shattenkirk0233031%13:36
3Mario FerraroMark Giordano1222524%10:34
4Devon ToewsBrayden McNabb02351%0:16
Power Play Forward
Line #Left WingCenterRight WingPHYDFOFWanted %Time %Time Play
1William NylanderPatrice BergeronRyan Nugent-Hopkins0056061%3:36
2Brad MarchandJoe PavelskiAlex DeBrincat0054039%2:21
Power Play Defense
Line #DefenseDefensePHYDFOFWanted %Time %Time Play
1Devon ToewsElias Lindholm0146073%4:19
2Kevin ShattenkirkAdrian Kempe0144027%1:38
Penalty Kill 4 Players Forward
Line #CenterWingPHYDFOFWanted %Time %Time Play
1Elias LindholmKevin Stenlund0506071%7:01
2Ryan Nugent-HopkinsYakov Trenin0504029%2:55
Penalty Kill 4 Players Defense
Line #DefenseDefensePHYDFOFWanted %Time %Time Play
1Mario FerraroBrandon Carlo1406061%6:04
2Brayden McNabbDevon Toews0504039%3:52
Penalty Kill 3 Players
Line #WingPHYDFOFWanted %Time %Time PlayDefenseDefensePHYDFOFWanted %Time %Time Play
1Kevin Stenlund140600%0:00 Mario FerraroBrandon Carlo050600%0:00
2Yakov Trenin140400%0:00 Brayden McNabbDevon Toews050400%0:00
4 vs 4 Forward
Line #CenterWingPHYDFOFWanted %Time %Time Play
1Ryan Nugent-HopkinsWilliam Nylander122600%0:00
2Patrice BergeronBrad Marchand122400%0:00
4 vs 4 Defense
Line #DefensePHYDFOFWanted %Time %Time Play
1Devon ToewsBrayden McNabb122600%0:00
2Kevin ShattenkirkMario Ferraro122400%0:00
Last Minutes Offensive
Left WingCenterRight WingDefenseDefense
William NylanderPatrice BergeronBrad MarchandDevon ToewsMario Ferraro
Last Minutes Defensive
Left WingCenterRight WingDefenseDefense
Ryan Nugent-HopkinsPatrice BergeronKevin StenlundBrandon CarloBrayden McNabb
Time
Total ForwardTotal DefenseLast Minutes OffensiveLast Minutes Defensive
60:00 60:00 0:000:21
Extra Forwards
Normal PowerPlayPenalty Kill
Adrian Kempe, Elias Lindholm, Alex DeBrincatAdrian Kempe, Elias LindholmAdrian Kempe
Extra Defensemen
Normal PowerPlayPenalty Kill
Mario Ferraro, Kevin Shattenkirk, Devon ToewsMario Ferraro, Mario FerraroBrayden McNabb
Penalty Shots
Ryan Nugent-Hopkins, Patrice Bergeron, William Nylander, Brad Marchand, Adrian Kempe
Goalie
Jake Oettinger, James Reimer
Custom OT Lines Forwards
Ryan Nugent-Hopkins, Patrice Bergeron, William Nylander, Brad Marchand, Adrian Kempe, Elias Lindholm, Alex DeBrincat, Jack Eichel, Kirill Marchenko, Yakov Trenin
Custom OT Lines Defensemen
Devon Toews, Kevin Shattenkirk, Brayden McNabb, Mario Ferraro, Mark Giordano
Scratches
Chris Tierney (Healthy)

Jets

5 vs 5 Forward
Line #Left WingCenterRight WingPHYDFOFWanted %Time %Time Play
1Conor GarlandChris WagnerJakob Silfverberg1224034%15:01
2Jordan GreenwayJack FinleyRem Pitlick1223026%11:15
3Victor OlofssonZach Aston-ReeseBrendan Gallagher1222022%9:29
4Zac DalpeBrett SutterReese Johnson1221018%7:57
5 vs 5 Defense
Line #DefenseDefensePHYDFOFWanted %Time %Time Play
1Anthony DeangeloJake Muzzin1224042%18:30
2Logan StanleyNate Schmidt1223029%12:29
3Dante FabbroBowen Byram1222022%9:36
4Kaedan KorczakLogan Stanley122107%3:07
Power Play Forward
Line #Left WingCenterRight WingPHYDFOFWanted %Time %Time Play
1Conor GarlandZac DalpeBrendan Gallagher1226060%5:56
2Jack FinleyJakob SilfverbergJordan Greenway1224040%4:00
Power Play Defense
Line #DefenseDefensePHYDFOFWanted %Time %Time Play
1Anthony DeangeloBowen Byram1226056%5:31
2Kaedan KorczakJake Muzzin1224044%4:25
Penalty Kill 4 Players Forward
Line #CenterWingPHYDFOFWanted %Time %Time Play
1Zac DalpeJordan Greenway1226068%4:02
2Jack FinleyRem Pitlick1224032%1:55
Penalty Kill 4 Players Defense
Line #DefenseDefensePHYDFOFWanted %Time %Time Play
1Logan StanleyBowen Byram1226066%3:54
2Kaedan KorczakNate Schmidt1224034%2:03
Penalty Kill 3 Players
Line #WingPHYDFOFWanted %Time %Time PlayDefenseDefensePHYDFOFWanted %Time %Time Play
1Jack Finley122600%0:00 Nate SchmidtLogan Stanley122600%0:00
2Rem Pitlick122400%0:00 Jake MuzzinDante Fabbro122400%0:00
4 vs 4 Forward
Line #CenterWingPHYDFOFWanted %Time %Time Play
1Zac DalpeJakob Silfverberg122600%0:00
2Conor GarlandJack Finley122400%0:00
4 vs 4 Defense
Line #DefensePHYDFOFWanted %Time %Time Play
1Dante FabbroLogan Stanley122600%0:00
2Kaedan KorczakJake Muzzin122400%0:00
Last Minutes Offensive
Left WingCenterRight WingDefenseDefense
Conor GarlandJack FinleyZach Aston-ReeseLogan StanleyZac Dalpe
Last Minutes Defensive
Left WingCenterRight WingDefenseDefense
Conor GarlandBrett SutterJack FinleyBrendan GallagherLogan Stanley
Time
Total ForwardTotal DefenseLast Minutes OffensiveLast Minutes Defensive
60:00 60:00 0:250:00
Extra Forwards
Normal PowerPlayPenalty Kill
Jack Finley, Zach Aston-Reese, Brett SutterConor Garland, Victor OlofssonZac Dalpe
Extra Defensemen
Normal PowerPlayPenalty Kill
Bowen Byram, Nate Schmidt, Logan StanleyBowen Byram, Bowen ByramDante Fabbro
Penalty Shots
Rem Pitlick, Zac Dalpe, Zach Aston-Reese, Victor Olofsson, Jordan Greenway
Goalie
Philipp Grubauer, Anton Forsberg
Custom OT Lines Forwards
Jack Finley, Conor Garland, Brett Sutter, Victor Olofsson, Rem Pitlick, Jordan Greenway, Zac Dalpe, Brendan Gallagher, Zach Aston-Reese, Jakob Silfverberg
Custom OT Lines Defensemen
Anthony Deangelo, Bowen Byram, Kaedan Korczak, Jake Muzzin, Dante Fabbro
Scratches
Sean Couturier (Suspend)


Play-by-Play

1st period


0:01 of 1st period - Patrice Bergeron wins face-off versus Chris Wagner in neutral zone.
0:10 of 1st period - Wrist shot by Brad Marchand.
0:10 of 1st period - Stopped by Philipp Grubauer with a rebound.
0:26 of 1st period - Brayden McNabb is hit by Jake Muzzin and loses puck.
1:05 of 1st period - Backhand shot by Ryan Nugent-Hopkins.
1:05 of 1st period - Shot Blocked by Reese Johnson.
1:17 of 1st period - Snap shot by William Nylander.
1:17 of 1st period - Stopped by Philipp Grubauer with a rebound.
1:19 of 1st period - Slapshot by Brayden McNabb.
1:19 of 1st period - Stopped by Philipp Grubauer without a rebound.
1:20 of 1st period - Elias Lindholm wins face-off versus Jack Finley in Jets zone.
1:33 of 1st period - Wrist shot by Adrian Kempe.
1:33 of 1st period - Stopped by Philipp Grubauer with a rebound.
1:35 of 1st period - Wrist shot by Brandon Carlo.
1:35 of 1st period - Shot Blocked by Dante Fabbro.
1:37 of 1st period - Snap shot by Kevin Shattenkirk.
1:37 of 1st period - Shot Blocked by Dante Fabbro.
1:49 of 1st period - Wrist shot by Jordan Greenway.
1:49 of 1st period - Stopped by Jake Oettinger without a rebound.
1:50 of 1st period - Joe Pavelski wins face-off versus Chris Wagner in Wild zone.
2:01 of 1st period - Wrist shot by Alex DeBrincat.
2:01 of 1st period - Stopped by Philipp Grubauer without a rebound.
2:02 of 1st period - Chris Wagner wins face-off versus Joe Pavelski in Jets zone.
3:09 of 1st period - Off-side.
3:10 of 1st period - Brett Sutter wins face-off versus Alex DeBrincat in neutral zone.
3:12 of 1st period - Off-side.
3:13 of 1st period - Chris Wagner wins face-off versus Yakov Trenin in neutral zone.
3:21 of 1st period - Wrist shot by Conor Garland.
3:21 of 1st period - Shot Blocked by Devon Toews.
3:23 of 1st period - Snap shot by Chris Wagner.
3:23 of 1st period - Shot Blocked by Yakov Trenin.
3:25 of 1st period - Wrist shot by Conor Garland.
3:25 of 1st period - Stopped by Jake Oettinger without a rebound.
3:26 of 1st period - Chris Wagner wins face-off versus Kevin Stenlund in Wild zone.
3:29 of 1st period - Snap shot by Conor Garland.
3:29 of 1st period - Deflect By Jakob Silfverberg.
3:29 of 1st period - Shot Misses the Net.
3:29 of 1st period - Puck is out of play.
3:30 of 1st period - Chris Wagner wins face-off versus Kevin Stenlund in Wild zone.
3:33 of 1st period - Wrist shot by Jakob Silfverberg.
3:33 of 1st period - Stopped by Jake Oettinger without a rebound.
3:34 of 1st period - Kevin Stenlund wins face-off versus Chris Wagner in Wild zone.
3:34 of 1st period - Kevin Stenlund is hit by Chris Wagner.
3:41 of 1st period - Off-side.
3:42 of 1st period - Patrice Bergeron wins face-off versus Jakob Silfverberg in neutral zone.
4:21 of 1st period - Wrist shot by Rem Pitlick.
4:21 of 1st period - Stopped by Jake Oettinger without a rebound.
4:22 of 1st period - Elias Lindholm wins face-off versus Chris Wagner in Wild zone.
4:22 of 1st period - Elias Lindholm is hit by Conor Garland.
4:34 of 1st period - Snap shot by Jakob Silfverberg.
4:34 of 1st period - Stopped by Jake Oettinger with a rebound.
4:39 of 1st period - Off-side.
4:40 of 1st period - Zach Aston-Reese wins face-off versus Patrice Bergeron in neutral zone.
4:43 of 1st period - Slapshot by Victor Olofsson.
4:43 of 1st period - Goal by Victor Olofsson - Wild : 0 - Jets : 1.
4:44 of 1st period - Zach Aston-Reese wins face-off versus Patrice Bergeron in neutral zone.
4:53 of 1st period - Slapshot by Brendan Gallagher.
4:53 of 1st period - Shot Misses the Net.
5:01 of 1st period - Slapshot by Patrice Bergeron.
5:01 of 1st period - Stopped by Philipp Grubauer with a rebound.
5:20 of 1st period - Slapshot by Rem Pitlick.
5:20 of 1st period - Shot Misses the Net.
5:31 of 1st period - Off-side.
5:32 of 1st period - Kevin Stenlund wins face-off versus Chris Wagner in neutral zone.
7:13 of 1st period - Slapshot by Jack Eichel.
7:13 of 1st period - Shot Blocked by Chris Wagner.
7:35 of 1st period - Snap shot by Jakob Silfverberg.
7:35 of 1st period - Stopped by Jake Oettinger without a rebound.
7:36 of 1st period - Elias Lindholm wins face-off versus Jack Finley in Wild zone.
8:12 of 1st period - Wrist shot by Brad Marchand.
8:12 of 1st period - Shot Misses the Net.
8:25 of 1st period - Off-side.
8:26 of 1st period - Joe Pavelski wins face-off versus Brett Sutter in neutral zone.
8:37 of 1st period - Slapshot by Alex DeBrincat.
8:37 of 1st period - Shot Misses the Net.
8:39 of 1st period - Snap shot by Alex DeBrincat.
8:39 of 1st period - Stopped by Philipp Grubauer without a rebound.
8:40 of 1st period - Jack Finley wins face-off versus Patrice Bergeron in Jets zone.
8:54 of 1st period - Double Minor Penalty to Brad Marchand for Roughing.
8:55 of 1st period - Zac Dalpe wins face-off versus Elias Lindholm in Wild zone.
8:55 of 1st period - Snap shot by Conor Garland.
8:55 of 1st period - Deflect By Zac Dalpe.
8:55 of 1st period - Shot Blocked by Brandon Carlo.
8:55 of 1st period - Puck is out of play.
8:56 of 1st period - Elias Lindholm wins face-off versus Zac Dalpe in Wild zone.
9:17 of 1st period - Brandon Carlo is hit by Jakob Silfverberg and loses puck.
11:18 of 1st period - Kevin Stenlund is hit by Victor Olofsson and loses puck.
12:54 of 1st period - Penalty to Brad Marchand is over, Brad Marchand is back on ice.
13:05 of 1st period - Jakob Silfverberg is hit by Brad Marchand and loses puck.
13:24 of 1st period - Zach Aston-Reese is hit by Kirill Marchenko and loses puck.
13:39 of 1st period - Off-side.
13:40 of 1st period - Brett Sutter wins face-off versus Ryan Nugent-Hopkins in neutral zone.
14:04 of 1st period - Yakov Trenin is hit by Conor Garland and loses puck.
14:37 of 1st period - Wrist shot by Jack Eichel.
14:37 of 1st period - Shot Misses the Net.
14:39 of 1st period - Wrist shot by Kirill Marchenko.
14:39 of 1st period - Goal by Kirill Marchenko - Wild : 1 - Jets : 1.
14:40 of 1st period - Jack Finley wins face-off versus Patrice Bergeron in neutral zone.
14:49 of 1st period - Slapshot by Jordan Greenway.
14:49 of 1st period - Stopped by Jake Oettinger without a rebound.
14:50 of 1st period - Patrice Bergeron wins face-off versus Rem Pitlick in Wild zone.
15:21 of 1st period - Wrist shot by Jack Finley.
15:21 of 1st period - Shot Misses the Net.
15:23 of 1st period - Backhand shot by Rem Pitlick.
15:23 of 1st period - Stopped by Jake Oettinger without a rebound.
15:24 of 1st period - Elias Lindholm wins face-off versus Conor Garland in Wild zone.
15:54 of 1st period - Slapshot by Brendan Gallagher.
15:54 of 1st period - Stopped by Jake Oettinger without a rebound.
15:55 of 1st period - Joe Pavelski wins face-off versus Jack Finley in Wild zone.
16:20 of 1st period - Kaedan Korczak is hit by Adrian Kempe and loses puck.
16:39 of 1st period - Wrist shot by Brad Marchand.
16:39 of 1st period - Shot Blocked by Anthony Deangelo.
18:16 of 1st period - Wrist shot by Brad Marchand.
18:16 of 1st period - Shot Misses the Net.
18:18 of 1st period - Wrist shot by Devon Toews.
18:18 of 1st period - Shot Misses the Net.
18:20 of 1st period - Slapshot by Devon Toews.
18:20 of 1st period - Stopped by Philipp Grubauer with a rebound.
18:22 of 1st period - Slapshot by Ryan Nugent-Hopkins.
18:22 of 1st period - Goal by Ryan Nugent-Hopkins - Wild : 2 - Jets : 1.
18:23 of 1st period - Patrice Bergeron wins face-off versus Chris Wagner in neutral zone.
18:26 of 1st period - Snap shot by Brad Marchand.
18:26 of 1st period - Stopped by Philipp Grubauer without a rebound.
18:27 of 1st period - Brad Marchand wins face-off versus Conor Garland in Jets zone.
18:32 of 1st period - Slapshot by Ryan Nugent-Hopkins.
18:32 of 1st period - Stopped by Philipp Grubauer with a rebound.
18:40 of 1st period - Snap shot by Ryan Nugent-Hopkins.
18:40 of 1st period - Shot Misses the Net.
18:50 of 1st period - Minor Penalty to Chris Wagner for Tripping.
18:51 of 1st period - Patrice Bergeron wins face-off versus Zac Dalpe in Jets zone.
19:07 of 1st period - Icing by Elias Lindholm.
19:08 of 1st period - Patrice Bergeron wins face-off versus Zac Dalpe in Wild zone.
19:57 of 1st period - Snap shot by William Nylander.
19:57 of 1st period - Deflect By Ryan Nugent-Hopkins.
19:57 of 1st period - Stopped by Philipp Grubauer without a rebound.
19:58 of 1st period - Jack Finley wins face-off versus Joe Pavelski in Jets zone.
Goals for this period are 2 for Wild vs 1 for Jets.
Shots for this period are 13 for Wild vs 10 for Jets.

2nd period


0:01 of 2nd period - Zac Dalpe wins face-off versus Patrice Bergeron in neutral zone.
0:34 of 2nd period - Wrist shot by Alex DeBrincat.
0:34 of 2nd period - Stopped by Philipp Grubauer with a rebound.
0:36 of 2nd period - Slapshot by Adrian Kempe.
0:36 of 2nd period - Stopped by Philipp Grubauer without a rebound.
0:37 of 2nd period - Zac Dalpe wins face-off versus Joe Pavelski in Jets zone.
0:50 of 2nd period - Penalty to Chris Wagner is over, Chris Wagner is back on ice.
0:51 of 2nd period - Jordan Greenway is hit by Devon Toews and loses puck.
1:23 of 2nd period - Wrist shot by Brad Marchand.
1:23 of 2nd period - Shot Misses the Net.
1:25 of 2nd period - Wrist shot by Ryan Nugent-Hopkins.
1:25 of 2nd period - Stopped by Philipp Grubauer with a rebound.
1:27 of 2nd period - Slapshot by Brandon Carlo.
1:27 of 2nd period - Deflect By Patrice Bergeron.
1:27 of 2nd period - Stopped by Philipp Grubauer with a rebound.
1:29 of 2nd period - Backhand shot by Patrice Bergeron.
1:29 of 2nd period - Stopped by Philipp Grubauer without a rebound.
1:30 of 2nd period - Joe Pavelski wins face-off versus Zach Aston-Reese in Jets zone.
1:57 of 2nd period - Mark Giordano is hit by Jake Muzzin and loses puck.
2:18 of 2nd period - Snap shot by Jakob Silfverberg.
2:18 of 2nd period - Stopped by Jake Oettinger with a rebound.
3:13 of 2nd period - Icing by Brandon Carlo.
3:14 of 2nd period - Jack Finley wins face-off versus Patrice Bergeron in Wild zone.
3:17 of 2nd period - Slapshot by Rem Pitlick.
3:17 of 2nd period - Shot Misses the Net.
3:19 of 2nd period - Snap shot by Dante Fabbro.
3:19 of 2nd period - Shot Blocked by Kevin Shattenkirk.
3:21 of 2nd period - Slapshot by Dante Fabbro.
3:21 of 2nd period - Shot Blocked by Kevin Shattenkirk.
3:23 of 2nd period - Wrist shot by Rem Pitlick.
3:23 of 2nd period - Goal by Rem Pitlick - Wild : 2 - Jets : 2.
3:24 of 2nd period - Elias Lindholm wins face-off versus Chris Wagner in neutral zone.
3:27 of 2nd period - Wrist shot by William Nylander.
3:27 of 2nd period - Shot Misses the Net.
3:29 of 2nd period - Slapshot by Brayden McNabb.
3:29 of 2nd period - Shot Misses the Net.
3:31 of 2nd period - Wrist shot by William Nylander.
3:31 of 2nd period - Stopped by Philipp Grubauer with a rebound.
3:33 of 2nd period - Wrist shot by Adrian Kempe.
3:33 of 2nd period - Stopped by Philipp Grubauer with a rebound.
4:07 of 2nd period - Jake Muzzin is hit by Yakov Trenin and loses puck.
4:19 of 2nd period - Minor Penalty to Brad Marchand for Roughing.
4:20 of 2nd period - Elias Lindholm wins face-off versus Zac Dalpe in Wild zone.
4:29 of 2nd period - Icing by Conor Garland.
4:30 of 2nd period - Elias Lindholm wins face-off versus Zac Dalpe in Jets zone.
4:53 of 2nd period - Ryan Nugent-Hopkins is hit by Zac Dalpe and loses puck.
5:08 of 2nd period - Wrist shot by Brendan Gallagher.
5:08 of 2nd period - Shot Misses the Net.
5:14 of 2nd period - Slapshot by Anthony Deangelo.
5:14 of 2nd period - Stopped by Jake Oettinger without a rebound.
5:15 of 2nd period - Jakob Silfverberg wins face-off versus Elias Lindholm in Wild zone.
5:18 of 2nd period - Wrist shot by Jakob Silfverberg.
5:18 of 2nd period - Stopped by Jake Oettinger without a rebound.
5:19 of 2nd period - Jakob Silfverberg wins face-off versus Elias Lindholm in Wild zone.
5:30 of 2nd period - Wrist shot by Jakob Silfverberg.
5:30 of 2nd period - Stopped by Jake Oettinger with a rebound.
6:19 of 2nd period - Penalty to Brad Marchand is over, Brad Marchand is back on ice.
6:42 of 2nd period - Snap shot by Zac Dalpe.
6:42 of 2nd period - Shot Blocked by Patrice Bergeron.
7:15 of 2nd period - Icing by Adrian Kempe.
7:16 of 2nd period - Elias Lindholm wins face-off versus Zach Aston-Reese in Wild zone.
7:35 of 2nd period - Minor Penalty to Brad Marchand for Tripping.
7:36 of 2nd period - Elias Lindholm wins face-off versus Jack Finley in Wild zone.
9:30 of 2nd period - Victor Olofsson is hit by Yakov Trenin and loses puck.
9:35 of 2nd period - Penalty to Brad Marchand is over, Brad Marchand is back on ice.
9:47 of 2nd period - Zac Dalpe is hit by Yakov Trenin and loses puck.
10:02 of 2nd period - Jordan Greenway is hit by Ryan Nugent-Hopkins and loses puck.
10:40 of 2nd period - Mark Giordano is hit by Zach Aston-Reese and loses puck.
11:32 of 2nd period - Wrist shot by Zac Dalpe.
11:32 of 2nd period - Shot Misses the Net.
11:34 of 2nd period - Snap shot by Zac Dalpe.
11:34 of 2nd period - Shot Blocked by Ryan Nugent-Hopkins.
11:36 of 2nd period - Snap shot by Brett Sutter.
11:36 of 2nd period - Shot Blocked by Brandon Carlo.
11:38 of 2nd period - Slapshot by Logan Stanley.
11:38 of 2nd period - Deflect By Ryan Nugent-Hopkins.
11:38 of 2nd period - Stopped by Jake Oettinger with a rebound.
12:04 of 2nd period - Kevin Shattenkirk is hit by Bowen Byram and loses puck.
12:21 of 2nd period - Snap shot by Ryan Nugent-Hopkins.
12:21 of 2nd period - Shot Misses the Net.
12:23 of 2nd period - Slapshot by Patrice Bergeron.
12:23 of 2nd period - Shot Misses the Net.
12:55 of 2nd period - Slapshot by Anthony Deangelo.
12:55 of 2nd period - Shot Blocked by Brandon Carlo.
13:27 of 2nd period - Snap shot by Zac Dalpe.
13:27 of 2nd period - Stopped by Jake Oettinger without a rebound.
13:28 of 2nd period - Chris Wagner wins face-off versus Elias Lindholm in Wild zone.
13:31 of 2nd period - Snap shot by Jakob Silfverberg.
13:31 of 2nd period - Shot Hit the Post.
14:17 of 2nd period - Wrist shot by Zach Aston-Reese.
14:17 of 2nd period - Shot Misses the Net.
15:08 of 2nd period - Minor Penalty to Jack Finley for Holding Stick.
15:09 of 2nd period - Joe Pavelski wins face-off versus Zach Aston-Reese in Jets zone.
15:18 of 2nd period - Wrist shot by Adrian Kempe.
15:18 of 2nd period - Stopped by Philipp Grubauer with a rebound.
16:25 of 2nd period - Bowen Byram is hit by Elias Lindholm.
16:41 of 2nd period - Icing by Devon Toews.
16:42 of 2nd period - Chris Wagner wins face-off versus Yakov Trenin in Wild zone.
17:08 of 2nd period - Penalty to Jack Finley is over, Jack Finley is back on ice.
17:09 of 2nd period - Jack Finley is hit by William Nylander and loses puck.
17:26 of 2nd period - Snap shot by Jakob Silfverberg.
17:26 of 2nd period - Shot Blocked by Kevin Shattenkirk.
17:32 of 2nd period - Chris Wagner is hit by Jack Eichel.
17:54 of 2nd period - Rem Pitlick is hit by Kevin Shattenkirk and loses puck.
18:09 of 2nd period - Jake Muzzin is hit by Jack Eichel and loses puck.
19:24 of 2nd period - Ryan Nugent-Hopkins is hit by Bowen Byram and loses puck.
19:50 of 2nd period - Mario Ferraro is hit by Jack Finley.
Goals for this period are 0 for Wild vs 1 for Jets.
Shots for this period are 8 for Wild vs 7 for Jets.

3rd period


0:01 of 3rd period - Elias Lindholm wins face-off versus Chris Wagner in neutral zone.
0:36 of 3rd period - Snap shot by Rem Pitlick.
0:36 of 3rd period - Deflect By Jordan Greenway.
0:36 of 3rd period - Shot Misses the Net.
0:36 of 3rd period - Puck is out of play.
0:37 of 3rd period - Joe Pavelski wins face-off versus Chris Wagner in Wild zone.
0:47 of 3rd period - Wrist shot by Conor Garland.
0:47 of 3rd period - Stopped by Jake Oettinger with a rebound.
0:49 of 3rd period - Slapshot by Logan Stanley.
0:49 of 3rd period - Deflect By Joe Pavelski.
0:49 of 3rd period - Stopped by Jake Oettinger without a rebound.
0:50 of 3rd period - Elias Lindholm wins face-off versus Chris Wagner in Wild zone.
1:05 of 3rd period - Backhand shot by William Nylander.
1:05 of 3rd period - Shot Misses the Net.
1:07 of 3rd period - Slapshot by Devon Toews.
1:07 of 3rd period - Stopped by Philipp Grubauer with a rebound.
1:17 of 3rd period - Ryan Nugent-Hopkins is hit by Rem Pitlick.
1:49 of 3rd period - Wrist shot by Yakov Trenin.
1:49 of 3rd period - Stopped by Philipp Grubauer with a rebound.
1:51 of 3rd period - Wrist shot by Alex DeBrincat.
1:51 of 3rd period - Stopped by Philipp Grubauer with a rebound.
2:28 of 3rd period - Wrist shot by Jakob Silfverberg.
2:28 of 3rd period - Shot Misses the Net.
2:30 of 3rd period - Backhand shot by Bowen Byram.
2:30 of 3rd period - Shot Blocked by Mark Giordano.
2:46 of 3rd period - Slapshot by Adrian Kempe.
2:46 of 3rd period - Shot Misses the Net.
3:07 of 3rd period - Slapshot by Bowen Byram.
3:07 of 3rd period - Shot Blocked by Mark Giordano.
3:51 of 3rd period - Devon Toews is hit by Brendan Gallagher and loses puck.
4:46 of 3rd period - Slapshot by Bowen Byram.
4:46 of 3rd period - Stopped by Jake Oettinger without a rebound.
4:47 of 3rd period - Zach Aston-Reese wins face-off versus Elias Lindholm in Wild zone.
5:38 of 3rd period - Icing by Joe Pavelski.
5:39 of 3rd period - Joe Pavelski wins face-off versus Brett Sutter in Wild zone.
5:39 of 3rd period - Joe Pavelski is hit by Logan Stanley.
6:02 of 3rd period - Nate Schmidt is hit by Joe Pavelski and loses puck.
6:11 of 3rd period - Snap shot by Zac Dalpe.
6:11 of 3rd period - Deflect By Reese Johnson.
6:11 of 3rd period - Shot Misses the Net.
6:11 of 3rd period - Puck is out of play.
6:12 of 3rd period - Patrice Bergeron wins face-off versus Chris Wagner in Wild zone.
6:17 of 3rd period - Slapshot by Devon Toews.
6:17 of 3rd period - Stopped by Philipp Grubauer with a rebound.
6:19 of 3rd period - Snap shot by Patrice Bergeron.
6:19 of 3rd period - Shot Misses the Net.
7:07 of 3rd period - Kirill Marchenko is hit by Anthony Deangelo and loses puck.
8:25 of 3rd period - Chris Wagner is hit by Alex DeBrincat and loses puck.
8:32 of 3rd period - Joe Pavelski is hit by Chris Wagner and loses puck.
8:39 of 3rd period - Snap shot by Jakob Silfverberg.
8:39 of 3rd period - Stopped by Jake Oettinger without a rebound.
8:40 of 3rd period - Jack Finley wins face-off versus Patrice Bergeron in Wild zone.
8:45 of 3rd period - Bowen Byram is hit by Brad Marchand and loses puck.
9:12 of 3rd period - Slapshot by Anthony Deangelo.
9:12 of 3rd period - Deflect By William Nylander.
9:12 of 3rd period - Stopped by Jake Oettinger with a rebound.
9:14 of 3rd period - Snap shot by Zach Aston-Reese.
9:14 of 3rd period - Stopped by Jake Oettinger with a rebound.
9:31 of 3rd period - Minor Penalty to Alex DeBrincat for Slashing.
9:32 of 3rd period - Elias Lindholm wins face-off versus Zac Dalpe in Wild zone.
9:45 of 3rd period - Snap shot by Brendan Gallagher.
9:45 of 3rd period - Stopped by Jake Oettinger with a rebound.
9:47 of 3rd period - Slapshot by Conor Garland.
9:47 of 3rd period - Deflect By Brendan Gallagher.
9:47 of 3rd period - Stopped by Jake Oettinger with a rebound.
10:17 of 3rd period - Slapshot by Anthony Deangelo.
10:17 of 3rd period - Stopped by Jake Oettinger with a rebound.
11:31 of 3rd period - Penalty to Alex DeBrincat is over, Alex DeBrincat is back on ice.
12:07 of 3rd period - Snap shot by Jack Eichel.
12:07 of 3rd period - Stopped by Philipp Grubauer with a rebound.
12:09 of 3rd period - Slapshot by Brayden McNabb.
12:09 of 3rd period - Deflect By Nate Schmidt.
12:09 of 3rd period - Stopped by Philipp Grubauer without a rebound.
12:10 of 3rd period - Chris Wagner wins face-off versus Kevin Stenlund in Jets zone.
12:23 of 3rd period - Wrist shot by Victor Olofsson.
12:23 of 3rd period - Shot Misses the Net.
12:25 of 3rd period - Snap shot by Zach Aston-Reese.
12:25 of 3rd period - Shot Misses the Net.
12:27 of 3rd period - Wrist shot by Dante Fabbro.
12:27 of 3rd period - Stopped by Jake Oettinger without a rebound.
12:28 of 3rd period - Elias Lindholm wins face-off versus Zach Aston-Reese in Wild zone.
12:44 of 3rd period - Off-side.
12:45 of 3rd period - Patrice Bergeron wins face-off versus Chris Wagner in neutral zone.
12:58 of 3rd period - Slapshot by Conor Garland.
12:58 of 3rd period - Stopped by Jake Oettinger without a rebound.
12:59 of 3rd period - Patrice Bergeron wins face-off versus Chris Wagner in Wild zone.
12:59 of 3rd period - Patrice Bergeron is hit by Anthony Deangelo.
13:26 of 3rd period - Jakob Silfverberg is hit by Alex DeBrincat and loses puck.
13:45 of 3rd period - Minor Penalty to Chris Wagner for Interference.
13:46 of 3rd period - Patrice Bergeron wins face-off versus Zac Dalpe in Jets zone.
14:47 of 3rd period - Brad Marchand is hit by Zach Aston-Reese.
15:45 of 3rd period - Penalty to Chris Wagner is over, Chris Wagner is back on ice.
15:58 of 3rd period - Icing by Adrian Kempe.
15:59 of 3rd period - Jack Finley wins face-off versus Kevin Stenlund in Wild zone.
16:00 of 3rd period - Snap shot by Rem Pitlick.
16:00 of 3rd period - Shot Misses the Net.
16:06 of 3rd period - Jake Muzzin is hit by Kirill Marchenko and loses puck.
16:31 of 3rd period - Wrist shot by Kirill Marchenko.
16:31 of 3rd period - Deflect By Anthony Deangelo.
16:31 of 3rd period - Stopped by Philipp Grubauer with a rebound.
16:41 of 3rd period - Wrist shot by Jack Eichel.
16:41 of 3rd period - Shot Misses the Net.
16:45 of 3rd period - Wrist shot by Jack Eichel.
16:45 of 3rd period - Stopped by Philipp Grubauer with a rebound.
16:47 of 3rd period - Slapshot by Devon Toews.
16:47 of 3rd period - Deflect By Kirill Marchenko.
16:47 of 3rd period - Stopped by Philipp Grubauer with a rebound.
16:49 of 3rd period - Slapshot by Devon Toews.
16:49 of 3rd period - Shot Blocked by Jack Finley.
16:51 of 3rd period - Wrist shot by Kirill Marchenko.
16:51 of 3rd period - Shot Misses the Net.
16:53 of 3rd period - Wrist shot by Jack Eichel.
16:53 of 3rd period - Stopped by Philipp Grubauer without a rebound.
16:54 of 3rd period - Joe Pavelski wins face-off versus Zach Aston-Reese in Jets zone.
16:59 of 3rd period - Backhand shot by Joe Pavelski.
16:59 of 3rd period - Shot Blocked by Logan Stanley.
17:01 of 3rd period - Slapshot by Brandon Carlo.
17:01 of 3rd period - Stopped by Philipp Grubauer without a rebound.
17:02 of 3rd period - Joe Pavelski wins face-off versus Brendan Gallagher in Jets zone.
17:20 of 3rd period - Snap shot by Joe Pavelski.
17:20 of 3rd period - Deflect By Alex DeBrincat.
17:20 of 3rd period - Shot Blocked by Nate Schmidt.
17:20 of 3rd period - Puck is out of play.
17:21 of 3rd period - Chris Wagner wins face-off versus Patrice Bergeron in Jets zone.
17:32 of 3rd period - Anthony Deangelo is hit by Patrice Bergeron and loses puck.
17:54 of 3rd period - Wrist shot by Victor Olofsson.
17:54 of 3rd period - Stopped by Jake Oettinger without a rebound.
17:55 of 3rd period - Joe Pavelski wins face-off versus Zach Aston-Reese in Wild zone.
18:05 of 3rd period - Off-side.
18:06 of 3rd period - Joe Pavelski wins face-off versus Zach Aston-Reese in neutral zone.
18:17 of 3rd period - Joe Pavelski is hit by Jake Muzzin and loses puck.
18:28 of 3rd period - Penalty Shot by Alex DeBrincat for Wild.
18:28 of 3rd period - Deke by Alex DeBrincat.
18:28 of 3rd period - Goal by Alex DeBrincat - Wild : 3 - Jets : 2.
18:29 of 3rd period - Joe Pavelski wins face-off versus Zach Aston-Reese in neutral zone.
18:30 of 3rd period - Joe Pavelski wins face-off versus Zach Aston-Reese in Wild zone.
18:30 of 3rd period - Joe Pavelski is hit by Anthony Deangelo.
19:00 of 3rd period - Jets, Philipp Grubauer is pulled from the net.
19:04 of 3rd period - Wrist shot by Conor Garland.
19:04 of 3rd period - Stopped by Jake Oettinger without a rebound.
19:05 of 3rd period - Rod Brind'Amour call a timeout for Jets.
19:05 of 3rd period - Zach Aston-Reese wins face-off versus Kevin Stenlund in Wild zone.
19:06 of 3rd period - Snap shot by Conor Garland.
19:06 of 3rd period - Deflect By Jack Finley.
19:06 of 3rd period - Stopped by Jake Oettinger without a rebound.
19:07 of 3rd period - Jack Finley wins face-off versus Patrice Bergeron in Wild zone.
19:10 of 3rd period - Snap shot by Zach Aston-Reese.
19:10 of 3rd period - Deflect By Conor Garland.
19:10 of 3rd period - Stopped by Jake Oettinger with a rebound.
19:12 of 3rd period - Slapshot by Zac Dalpe.
19:12 of 3rd period - Goal by Zac Dalpe - Wild : 3 - Jets : 3.
19:12 of 3rd period - Philipp Grubauer from Jets was sent back in the game.
19:13 of 3rd period - Joe Pavelski wins face-off versus Zach Aston-Reese in neutral zone.
Goals for this period are 1 for Wild vs 1 for Jets.
Shots for this period are 11 for Wild vs 16 for Jets.

Overtime #1


0:01 of 1st overtime period - Jack Finley wins face-off versus Patrice Bergeron in neutral zone.
0:16 of 1st overtime period - Slapshot by Conor Garland.
0:16 of 1st overtime period - Stopped by Jake Oettinger with a rebound.
0:28 of 1st overtime period - Backhand shot by Brad Marchand.
0:28 of 1st overtime period - Stopped by Philipp Grubauer with a rebound.
0:32 of 1st overtime period - Wrist shot by Brad Marchand.
0:32 of 1st overtime period - Deflect By William Nylander.
0:32 of 1st overtime period - Shot Misses the Net.
0:32 of 1st overtime period - Puck is out of play.
0:33 of 1st overtime period - Brett Sutter wins face-off versus Brad Marchand in Jets zone.
3:05 of 1st overtime period - Snap shot by Victor Olofsson.
3:05 of 1st overtime period - Shot Misses the Net.
3:07 of 1st overtime period - Slapshot by Kaedan Korczak.
3:07 of 1st overtime period - Stopped by Jake Oettinger without a rebound.
3:08 of 1st overtime period - Jordan Greenway wins face-off versus Patrice Bergeron in Wild zone.
3:19 of 1st overtime period - Slapshot by Anthony Deangelo.
3:19 of 1st overtime period - Shot Blocked by Devon Toews.
3:50 of 1st overtime period - Slapshot by Devon Toews.
3:50 of 1st overtime period - Shot Misses the Net.
3:56 of 1st overtime period - Brad Marchand is hit by Bowen Byram and loses puck.
Goals for this period are 0 for Wild vs 0 for Jets.
Shots for this period are 1 for Wild vs 2 for Jets.

ShootOut


5:00 of 1st overtime period - Round #1.
5:00 of 1st overtime period - Wild, Ryan Nugent-Hopkins.
5:00 of 1st overtime period - Deke by Ryan Nugent-Hopkins.
5:00 of 1st overtime period - Shot Misses the Net.
5:00 of 1st overtime period - Jets, Rem Pitlick.
5:00 of 1st overtime period - Wrist shot by Rem Pitlick.
5:00 of 1st overtime period - Stopped by Jake Oettinger.
5:00 of 1st overtime period - Round #2.
5:00 of 1st overtime period - Wild, Patrice Bergeron.
5:00 of 1st overtime period - Wrist shot by Patrice Bergeron.
5:00 of 1st overtime period - Shot Misses the Net.
5:00 of 1st overtime period - Jets, Zac Dalpe.
5:00 of 1st overtime period - Wrist shot by Zac Dalpe.
5:00 of 1st overtime period - Stopped by Jake Oettinger.
5:00 of 1st overtime period - Round #3.
5:00 of 1st overtime period - Wild, William Nylander.
5:00 of 1st overtime period - Wrist shot by William Nylander.
5:00 of 1st overtime period - Stopped by Philipp Grubauer.
5:00 of 1st overtime period - Jets, Zach Aston-Reese.
5:00 of 1st overtime period - Backhand shot by Zach Aston-Reese.
5:00 of 1st overtime period - Stopped by Jake Oettinger.
5:00 of 1st overtime period - Round #4.
5:00 of 1st overtime period - Wild, Brad Marchand.
5:00 of 1st overtime period - Deke by Brad Marchand.
5:00 of 1st overtime period - Stopped by Philipp Grubauer.
5:00 of 1st overtime period - Jets, Victor Olofsson.
5:00 of 1st overtime period - Snap shot by Victor Olofsson.
5:00 of 1st overtime period - Goal by Victor Olofsson.




Output by the SimonT Hockey Simulator (STHS) for Eric Tremblay - Original Page W3C HTML5 Valid
Hockey Simulator - Hockey Simulation - Hockey Manager